 Dungeon Crawl Stone Soup version 0.28-a0-657-g71136c5590 (webtiles) character file.

Game seed: 14080756172404604410

7805 mordus the Basher (level 11, -4/75 HPs)
             Began as a Formicid Fighter on Oct 13, 2021.
             Was an Initiate of Gozag.
             Slain by a death yak (18 damage)
             ... on level 7 of the Dungeon.
             The game lasted 00:23:44 (12332 turns).

mordus the Basher (Formicid Fighter)               Turns: 12332, Time: 00:23:45

Health: -4/75      AC: 15    Str: 24    XL:     11   Next: 44%
Magic:  11/11      EV:  7    Int:  8    God:    Gozag
Gold:   1536       SH: 15    Dex: 10    Spells: 10/10 levels left

rFire   + . .      SeeInvis +   u - +2 dire flail
rCold   . . .      Faith    .   f - +0 tower shield
rNeg    . . .      Spirit   .   h - +0 chain mail
rPois   +          Reflect  .   (helmet unavailable)
rElec   .          Harm     .   i - +0 cloak
rCorr   .          Rampage  .   (no gloves)
Will    +....                   o - +1 pair of boots
Stlth   ..........              (no amulet)
HPRegen 0.22/turn               e - ring of poison resistance
MPRegen 0.12/turn               j - ring of protection from fire

@: no status effects
A: permanent stasis, dig shafts and tunnels, antennae 3, four strong arms
a: Dig, Shaft Self, Renounce Religion, Potion Petition, Call Merchant, Bribe
Branch


You were on level 7 of the Dungeon.
You worshipped Gozag.
Gozag was most pleased with you.
You visited 1 branch of the dungeon, and saw 9 of its levels.

You collected 1568 gold pieces.
You paid 32 gold pieces to Gozag.

Inventory:

Hand Weapons
 a - a +0 flail
 u - a +2 dire flail (weapon)
 y - a +3 whip of freezing
Armour
 f - a +0 tower shield (worn)
 h - a +0 chain mail (worn)
 i - a +0 cloak (worn)
 o - a +1 pair of boots (worn)
Jewellery
 e - a ring of poison resistance (left hand)
 j - a ring of protection from fire (right hand)
 r - a ring of ice
Wands
 b - a wand of digging (5)
 t - a wand of paralysis (5)
 w - a wand of flame (24)
Scrolls
 c - 2 scrolls of identify
 g - 3 scrolls of summoning
 m - 2 scrolls of immolation
 q - 5 scrolls of amnesia
 s - a scroll of fear
Potions
 d - 3 potions of might
 k - a potion of flight
 l - 2 potions of ambrosia
 n - 2 potions of mutation {unknown}
 p - 2 potions of curing
 v - a potion of magic {unknown}
 x - 4 potions of lignification
 z - a potion of brilliance {unknown}


   Skills:
 - Level 3.2 Fighting
 * Level 12.2 Maces & Flails
 + Level 10.0 Armour
 + Level 10.8 Shields


You had 10 spell levels left.
You didn't know any spells.
Your spell library contained the following spells:

 Spells                   Type           Power      Damage    Failure   Level
 Sandblast                Erth           0%         2d4       99%         1
 Passwall                 Tmut/Erth      0%         N/A       100%        2
 Slow                     Hex            0%         N/A       100%        2
 Confusing Touch          Hex            0%         N/A       100%        3
 Ozocubu's Armour         Ice            0%         N/A       100%        3
 Portal Projectile        Hex/Tloc       0%         N/A       100%        3
 Stone Arrow              Conj/Erth      0%         3d7       100%        3
 Vampiric Draining        Necr           0%         2d6       100%        3
 Blade Hands              Tmut           0%         N/A       100%        5
 Excruciating Wounds      Necr           0%         N/A       100%        5
 Ozocubu's Refrigeration  Ice            0%         4d5       100%        7


Dungeon Overview and Level Annotations

Branches:
Dungeon (9/15)             Temple (0/1) D:4
   Lair: D:8-11         Orc: D:9-12

Altars:
Gozag
Makhleb
Okawaru
Qazlal
Sif Muna
Wu Jian
Beogh

Shops:
D:5 *

Annotations:
D:3 3 runed translucent doors, tonyyikes's ghost, amateur MiAK
D:6 3 runed translucent doors, willcat's ghost, amateur HuDe


Innate Abilities, Weirdness & Mutations

You cannot be hasted, slowed, berserked, paralysed or teleported.
You can dig through walls and to a lower floor.
You have a pair of large antennae on your head. (SInv)
Your four strong arms can wield two-handed weapons with a shield.


Message History

You block the quokka's attack.
You puncture the quokka!
You kill the quokka!
You now have 1536 gold pieces (gained 28).
You start resting.
HP restored.
There is a stone staircase leading down here.
Okay, then.
You climb downwards.
The river rat bites you but does no damage.
The death yak gores you!!
A rat comes into view.
You block the river rat's attack.
There is a stone staircase leading up, spattered with blood here.
The death yak gores you! You block the river rat's attack.
You climb upwards.
There is a stone staircase leading down here.
The death yak gores you! You block the river rat's attack.
You block the death yak's attack.
The death yak snorts and paws the ground.
You see here a +0 flail.
There is a stone staircase leading up, spattered with blood here.
The death yak gores you!
You climb upwards.
There is a stone staircase leading down here.
You hit the death yak.
The death yak is lightly wounded.
The death yak gores you but does no damage.
You hit the death yak but do no damage.
The death yak is lightly wounded.
The death yak gores you.
You thump the death yak!
The death yak is moderately wounded.
The death yak gores you!
* * * LOW HITPOINT WARNING * * *
You sock the death yak!
The death yak is heavily wounded.
The death yak gores you!!
You die...
Your body crumbles into a pile of gold.

#.# #.# #..##.#.##... #.# #.#
#..##.#.###.# #.# #.#
#..##.#.#.... #.# #.#
#....[#.#.#.# #.# #.#
#..####.#.#.. #.############.#
#...........#
#..............############.#.#.#
################...............[.
#@Y...............
###########################...#..
.........................##...#..
.#######################.##...#..
.# ############.##...#.# .#
###............##...#.. .#
#.........#######...### .#
#.........# #...# .# #.........#
#...###


You could see a death yak.

Vanquished Creatures
  2 death yaks (D:8)
  A cyclops (D:8)
  A manticore (D:9)
  2 gargoyles
  A shadow (D:9)
  A wyvern (D:8)
  5 yaks
  A steam dragon (D:7)
  3 water moccasins
  An acid dragon (D:9)
  Duvessa (D:7)
  3 orc warriors
  3 ice beasts
  A necrophage (D:5)
  2 ogres
  4 centaurs
  2 kobold brigands
  2 bullfrogs
  A wyvern zombie (D:6)
  3 scorpions
  Dowan (D:7)
  A wyvern skeleton (D:7)
  9 killer bees
  5 wights (D:8)
  An electric eel (D:8)
  3 howler monkeys
  3 centaur zombies
  A bullfrog zombie (D:5)
  A hound (D:3)
  2 jellies
  A centaur skeleton (D:6)
  2 orc priests
  A gnoll shaman (D:5)
  3 iguanas (D:5)
  4 orc wizards
  2 hound skeletons (D:4)
  2 howler monkey zombies
  8 gnolls
  2 howler monkey skeletons
  2 adders
  A white imp (D:8)
  2 ufetubi
  An adder skeleton (D:5)
  A worm (D:4)
  2 dart slugs
  24 orcs
  6 ball pythons
  6 bats
  5 endoplasms
  4 goblins
  6 hobgoblins
  A jackal (D:3)
  3 quokkas
  4 frilled lizards
  15 kobolds
  4 rats
179 creatures vanquished.

Vanquished Creatures (collateral kills)
  An ogre (D:5)
  An ufetubus (D:5)
2 creatures vanquished.

Vanquished Creatures (others)
  An orc wizard (D:8)
1 creature vanquished.

Grand Total: 182 creatures vanquished

Notes
Turn   | Place    | Note
-------+----------+-------------------------------------------
     0 | D:1      | mordus the Formicid Fighter began the quest for the Orb.
     0 | D:1      | Reached XP level 1. HP: 18/18 MP: 1/1
   351 | D:1      | Reached XP level 2. HP: 23/24 MP: 2/2
   379 | D:1      | Found Wouxir's Book Emporium.
  1020 | D:2      | Reached XP level 3. HP: 15/29 MP: 3/3
  1752 | D:2      | Found a faded altar of an unknown god.
  1820 | D:3      | Reached skill level 3 in Maces & Flails
  1912 | D:3      | Reached XP level 4. HP: 35/35 MP: 4/4
  2175 | D:3      | Reached XP level 5. HP: 31/41 MP: 5/5
  2365 | D:3      | Found a runed translucent gate.
  2365 | D:3      | Found a runed translucent gate.
  2369 | D:3      | Found a runed translucent gate.
  2446 | D:3      | Found an ornate altar of the Wu Jian Council.
  2447 | D:3      | Found an opulent altar of Gozag.
  2448 | D:3      | Found a stormy altar of Qazlal.
  2584 | D:3      | Noticed tonyyikes's ghost (amateur MiAK)
  2806 | D:3      | Became a worshipper of Gozag Ym Sagoz the Greedy
  2852 | D:4      | Found a staircase to the Ecumenical Temple.
  3028 | D:4      | Reached skill level 4 in Maces & Flails
  3342 | D:5      | Entered Level 5 of the Dungeon
  3361 | D:5      | Reached XP level 6. HP: 22/47 MP: 6/6
  3549 | D:5      | Noticed an ogre
  3556 | D:5      | Killed an ogre
  3557 | D:5      | Reached skill level 5 in Shields
  3639 | D:5      | Found Ytutoilo's General Store.
  3686 | D:5      | Reached skill level 5 in Maces & Flails
  3688 | D:5      | Reached XP level 7. HP: 26/52 MP: 7/7
  3693 | D:5      | Reached skill level 5 in Armour
  5285 | D:6      | Reached skill level 6 in Maces & Flails
  5285 | D:6      | Reached XP level 8. HP: 42/58 MP: 8/8
  5375 | D:6      | Noticed a yak
  5377 | D:6      | Noticed a yak
  5380 | D:6      | Noticed a yak
  5380 | D:6      | Noticed a yak
  5408 | D:5      | Killed a yak
  5557 | D:5      | Killed a yak
  5558 | D:5      | Reached skill level 7 in Maces & Flails
  5711 | D:5      | Killed a yak
  5900 | D:5      | Killed a yak
  5901 | D:5      | Reached XP level 9. HP: 51/64 MP: 9/9
  5972 | D:6      | Reached skill level 8 in Maces & Flails
  6481 | D:6      | Noticed a gargoyle
  6501 | D:6      | Killed a gargoyle
  6972 | D:6      | Reached skill level 9 in Maces & Flails
  7504 | D:6      | Found a runed translucent gate.
  7505 | D:6      | Found a runed translucent gate.
  7506 | D:6      | Found a runed translucent gate.
  7510 | D:6      | Noticed willcat's ghost (amateur HuDe)
  7917 | D:7      | Reached XP level 10. HP: 68/70 MP: 10/10
  8301 | D:7      | Noticed Duvessa
  8301 | D:7      | Noticed Dowan
  8313 | D:7      | Killed Duvessa
  8328 | D:7      | Killed Dowan
  8618 | D:7      | Reached skill level 10 in Maces & Flails
  9322 | D:8      | Noticed a gargoyle
  9454 | D:8      | Killed a gargoyle
  9674 | D:8      | Found a burning altar of Makhleb.
 10295 | D:8      | Found a shimmering blue altar of Sif Muna.
 10568 | D:8      | Noticed a cyclops
 10579 | D:8      | Killed a cyclops
 10580 | D:8      | Reached skill level 11 in Maces & Flails
 10697 | D:8      | Reached skill level 10 in Shields
 10923 | D:8      | Reached XP level 11. HP: 47/71 MP: 11/11
 11236 | D:9      | Found a flagged portal.
 11747 | D:9      | Noticed a manticore
 11763 | D:9      | Killed a manticore
 11974 | D:9      | Noticed a death yak
 11975 | D:9      | Found an iron altar of Okawaru.
 11977 | D:9      | Noticed a death yak
 12014 | D:8      | Killed a death yak
 12015 | D:8      | Reached skill level 12 in Maces & Flails
 12079 | D:9      | Noticed a death yak
 12101 | D:8      | Killed a death yak
 12102 | D:8      | Reached skill level 10 in Armour
 12332 | D:7      | Slain by a death yak

Illustrated notes

Levels and vault maps discovered:
D:1:      minmay_arrival_doors, layout_basic, serial_shops, nicolae_square_shop
D:2:      layout_rooms, hellmonk_ecumenical_altar_inner_sanctum, serial_curves,
          eino_curves_01, eino_curves_03, hangedman_decor_growths,
          skrybe_limestone_x
D:3:      layout_basic, chequers_temple_overflow_statue_of_worship,
          ebering_ghost_rock_garden, minmay_increasing_density
D:4:      layout_rooms, minmay_temple_entry_mini_moons
D:5:      layout_layer_cave, serial_shops, shop
D:6:      layout_basic, biasface_ghost_orc_armoury, kennysheep_generic_room_11
D:7:      layout_basic, uniq_duvessa
D:8:      minmay_opposing_rooms, layout_basic, amcnicky_altar_gilded,
          overflow_temple_1_default, mumra_transporter_accident
D:9:      layout_loops_ring, kennysheep_okawaru_gauntlet, dpeg_lair_monsters,
          enter_bailey_2

Skill      XL: |  1  2  3  4  5  6  7  8  9 10 11 |
---------------+----------------------------------+-----
Shields        | 4 5 6 7 8 10 | 10.8
Maces & Flails | 3 4 5 6 7 9 11 12 | 12.2
Armour         | 4 5 6 7 9 10 | 10.0
Fighting       | |  3.2

Action                   |  1- 3 |  4- 6 |  7- 9 | 10-12 || total
-------------------------+-------+-------+-------+-------++-------
Melee: Flail             |    66 |    83 |     7 |       ||   156
       Whip              |       |    80 |   323 |   297 ||   700
       Dire flail        |       |       |       |    91 ||    91
  Use: Scroll            |       |    14 |     1 |     2 ||    17
       Potion            |       |     2 |       |     3 ||     5
 Stab: Distracted        |       |       |       |     3 ||     3
Armor: Scale mail        |    25 |    65 |     3 |       ||    93
       Chain mail        |       |       |    78 |   107 ||   185
Dodge: Dodged            |    16 |    32 |    36 |    62 ||   146
Block: Buckler           |     2 |       |       |       ||     2
       Tower shield      |    49 |   135 |   189 |   228 ||   601

Table legend: (Time is in decaauts)
 A = Elapsed time spent in this place.
 B = Non-inter-level travel time spent in this place.
 C = Inter-level travel time spent in this place.
 D = Time resting spent in this place.
 E = Time spent auto-exploring this place.
 F = Levels seen in this place.
 G = Mean time per level.
                   A        B        C        D        E       F      G
               +--------+--------+--------+--------+--------+-----+--------+
         Total |  12366 |  12107 |    259 |   3538 |   6072 |   9 | 1374.0 |
       Dungeon |  12366 |  12107 |    259 |   3538 |   6072 |   9 | 1374.0 |
               +--------+--------+--------+--------+--------+-----+--------+

Top non-repeatable levels by time:
     D:5: 2669 daAuts
     D:8: 2163 daAuts
     D:7: 1666 daAuts
     D:6: 1619 daAuts
     D:3: 1088 daAuts
     D:1: 986 daAuts
     D:2: 827 daAuts
     D:9: 813 daAuts
     D:4: 531 daAuts
